 Dungeon Crawl Stone Soup version 0.29.1-13-g9f3cf754e1 (webtiles) character file.

Game seed: 12766973546991536575

25419 lilitu the Fighter (level 12, -1/113 HPs)
             Began as a Minotaur Fighter on Jan 31, 2023.
             Was a High Priest of Okawaru.
             Slain by a yak (3 damage)
             ... on level 3 of the Lair of Beasts.
             The game lasted 00:37:06 (12638 turns).

lilitu the Fighter (Minotaur Fighter)              Turns: 12638, Time: 00:37:07

Health: -1/113     AC: 18    Str: 38    XL:     12   Next: 89%
Magic:  11/11      EV:  8    Int:  5    God:    Okawaru [*****.]
Gold:   666        SH:  7    Dex: 10    Spells: 11/11 levels left

rFire   . . .      SeeInvis .   x - +3 whip (vorpal)
rCold   . . .      Faith    .   c - +1 buckler
rNeg    . . .      Spirit   .   l - +0 plate armour
rPois   .          Reflect  .   K - +1 hat {Stlth+}
rElec   .          Harm     .   G - +0 cloak
rCorr   .          Rampage  .   (no gloves)
Will    .....                   (no boots)
Stlth   ..........              n - amulet of regeneration
HPRegen 1.08/turn               y - +6 ring of strength
MPRegen 0.12/turn               z - +6 ring of strength

@: slowed, very slow
A: horns 2, retaliatory headbutt
a: Renounce Religion, Heroism, Finesse, Duel


You were on level 3 of the Lair of Beasts.
You worshipped Okawaru.
Okawaru was extremely pleased with you.
You visited 3 branches of the dungeon, and saw 15 of its levels.

You collected 912 gold pieces.
You spent 246 gold pieces at shops.

Inventory:

Hand Weapons
 a - a +0 flail
 i - a +1 whip of draining
 j - a +0 whip of venom
 x - a +3 vorpal whip (weapon)
Missiles
 g - 5 javelins
 k - 100 stones
 o - 2 boomerangs of dispersal
 q - 7 boomerangs (quivered)
 B - 11 poisoned darts
 O - 5 curare-tipped darts
 Q - 2 silver javelins
Armour
 c - a +1 buckler (worn)
 l - a +0 plate armour (worn)
 G - a +0 cloak (worn)
 J - a scarf of repulsion
 K - a +1 hat of stealth (worn)
Jewellery
 n - an amulet of regeneration (around neck)
 y - a +6 ring of strength (left hand)
 z - a +6 ring of strength (right hand)
 I - an amulet of the acrobat
 R - a ring of willpower
Wands
 s - a wand of digging (8)
 u - a wand of iceblast (8)
 N - a wand of quicksilver (5)
Scrolls
 b - 10 scrolls of teleportation
 e - 8 scrolls of identify
 h - 5 scrolls of enchant armour
 p - 4 scrolls of blinking
 r - a scroll of immolation
 w - 5 scrolls of fear
 E - a scroll of magic mapping
 L - 3 scrolls of poison
Potions
 d - 4 potions of might
 f - 2 potions of heal wounds
 m - 4 potions of brilliance
 t - 3 potions of mutation
 v - 3 potions of flight
 A - 6 potions of curing
 C - a potion of ambrosia
 F - a potion of attraction
 H - a potion of resistance
 M - a potion of haste


   Skills:
 + Level 12.4 Fighting
 + Level 12.0 Maces & Flails
 + Level 9.9 Throwing
 + Level 12.4 Armour
 + Level 12.3 Shields


You had 11 spell levels left.
You didn't know any spells.
Your spell library contained the following spells:

 Spells                   Type           Power      Damage    Failure   Level
 Magic Dart               Conj           0%         1d3       95%         1
 Sting                    Tmut/Pois      0%         1d3       95%         1
 Poisonous Vapours        Pois/Air       0%         N/A       99%         2
 Searing Ray              Conj           0%         2d4       99%         2
 Static Discharge         Conj/Air       0%         3-3/arc   99%         2
 Confusing Touch          Hex            0%         N/A       100%        3
 Dispel Undead            Necr           0%         3d6       100%        4
 Fulminant Prism          Conj/Hex       0%         3d6       100%        4
 Olgreb's Toxic Radiance  Pois           0%         N/A       100%        4
 Sticky Flame             Conj/Fire      0%         2d3       100%        4
 Yara's Violent Unravell  Hex/Tmut       0%         3d3       100%        5
 Eringya's Noxious Bog    Tmut/Pois      0%         N/A       100%        6
 Enfeeble                 Hex            0%         N/A       100%        7
 Summon Forest            Summ/Tloc      Unusable   N/A       N/A         5
 Summon Hydra             Summ           Unusable   N/A       N/A         7

Dungeon Overview and Level Annotations

Branches:
Dungeon (11/15)            Temple (1/1) D:6            Lair (3/5) D:9
 Shoals (0/4) Lair:2
  Snake: Lair:2-3    Spider: Lair:2-3       Orc: D:9-12

Altars:
Ashenzari
Dithmenos
Elyvilon
Fedhas
Gozag
Hepliaklqana
Kikubaaqudgha
Makhleb
Nemelex Xobeh
Okawaru
Qazlal
Ru
Sif Muna
Trog
Uskayaw
Vehumet
Wu Jian
Yredelemnul
Zin
The Shining One

Shops:
D:4 ?   D:6 (

Annotations:
D:4 scroll store
D:7 2 transporters, tehphobia's ghost, novice DsNe
D:8 exclusion: statue
D:11 1 runed translucent door, Urug; concernfroge's ghost, journeyman FeTm
Lair:1 2 transporters


Innate Abilities, Weirdness & Mutations

You have a pair of horns on your head.
You reflexively headbutt those who attack you in melee.


Message History

The yak gores you. x2; You block the yak's attack.
The yak closely misses you. You furiously retaliate!
You headbutt the yak! The yak gores you but does no damage.
The boulder beetle barely misses you. The yak barely misses you.
You completely miss the boulder beetle.
You headbutt the boulder beetle, but do no damage.
The boulder beetle is moderately wounded.
The yak barely misses you.
The boulder beetle bites you but does no damage.
You block the yak's attack.
The yak gores you but does no damage. x2
The yak completely misses you. You furiously retaliate!
You headbutt the yak! The yak gores you! The torpor snail barely misses you.
You furiously retaliate!
You headbutt the torpor snail.
You hit the boulder beetle but do no damage.
You headbutt the boulder beetle, but do no damage.
The boulder beetle is moderately wounded.
The yak gores you but does no damage. You block the yak's attack.
The boulder beetle barely misses you. The yak gores you but does no damage.
The yak barely misses you.
The yak gores you but does no damage. x2
You hit the boulder beetle but do no damage.
You headbutt the boulder beetle, but do no damage.
The boulder beetle is moderately wounded.
The torpor snail bites you!
* * * LOW HITPOINT WARNING * * *
You hit the boulder beetle but do no damage.
You headbutt the boulder beetle, but do no damage.
The boulder beetle is moderately wounded.
The yak gores you.
* * * LOW HITPOINT WARNING * * *
The yak gores you but does no damage. The yak barely misses you.
The yak closely misses you. You furiously retaliate!
You headbutt the yak. The yak gores you but does no damage.
The boulder beetle bites you!
* * * LOW HITPOINT WARNING * * *
The yak gores you.
* * * LOW HITPOINT WARNING * * *
You block the yak's attack. The yak closely misses you. The yak gores you.
* * * LOW HITPOINT WARNING * * *
The boulder beetle leaps!
You block the yak's attack. The yak gores you but does no damage.
The yak gores you.
You die...

.... .# ....#
.# .....###.##
.........P # #
.........##.#.#
.............
..#.#.wY°...##
......Y@Y....#
......YYY....P.
.#.............
...............
.#...........#$
........)....+
..PP......#..#
..............


You could see a torpor snail and 6 yaks.

Vanquished Creatures
  Gastronok (D:9)
  3 hydras (Lair:2)
  A two-headed ogre (D:7)
  Sonja (Lair:2)
  2 oklob plants (Lair:2)
  A manticore (D:9)
  4 black mambas
  An ice statue (Lair:2)
  Joseph (D:9)
  14 elephants
  4 cane toads
  A merfolk siren (Lair:2)
  A gargoyle (D:11)
  2 torpor snails
  3 komodo dragons
  A rime drake (Lair:1)
  A freezing wraith (Lair:2)
  A troll (D:9)
  2 polar bears (Lair:2)
  2 dream sheep (Lair:1)
  2 wraiths
  Sigmund (D:2)
  8 yaks
  Eustachio (D:4)
  A basilisk (Lair:2)
  A steam dragon (D:8)
  Menkaure (D:7)
  Edmund (D:4)
  The ghost of OTABOTABOTAB the Caller, an amateur OpSu (D:3)
  3 water moccasins
  12 ice beasts (Lair:2)
  An orc warrior (D:7)
  A black bear (D:7)
  An ogre (D:5)
  A sky beast (D:6)
  3 centaurs
  2 phantoms (D:6)
  The ghost of booth the Grasshopper, an amateur SpWr (D:3)
  13 bullfrogs
  2 gnoll sergeants
  3 necrophages
  3 scorpions
  22 wights
  8 killer bees (D:9)
  8 howler monkeys
  2 electric eels (D:6)
  7 hounds
  A jelly (D:5)
  4 orc priests
  Crazy Yiuf (D:7)
  A gnoll bouda (D:5)
  Jessica (D:2)
  5 iguanas
  Natasha (thrice) (D:2)
  11 orc wizards
  27 gnolls
  7 adders
  2 white imps
  4 worms
  4 dart slugs
  42 orcs
  5 ball pythons
  6 bats
  6 endoplasms
  8 giant cockroaches
  5 goblins
  9 hobgoblins
  18 jackals
  5 quokkas
  2 frilled lizards (D:2)
  6 kobolds
  2 rats
  A bush (D:7)
343 creatures vanquished.

Vanquished Creatures (others)
  A bush (Lair:2)
  4 fungi
  13 plants
  5 toadstools (D:6)
23 creatures vanquished.

Grand Total: 366 creatures vanquished

Notes
Turn   | Place    | Note
-------+----------+-------------------------------------------
     0 | D:1      | lilitu the Minotaur Fighter began the quest for the Orb.
     0 | D:1      | Reached XP level 1. HP: 19/19 MP: 0/0
   227 | D:1      | Reached XP level 2. HP: 27/27 MP: 1/1
   948 | D:2      | Reached skill level 1 in Throwing
   984 | D:2      | Reached XP level 3. HP: 33/33 MP: 2/2
   997 | D:2      | Noticed Natasha
  1007 | D:2      | Killed Natasha
  1017 | D:2      | Noticed Natasha
  1024 | D:2      | Killed Natasha
  1025 | D:2      | Reached XP level 4. HP: 40/40 MP: 3/3
  1025 | D:2      | Noticed Natasha
  1033 | D:2      | Killed Natasha
  1141 | D:2      | Noticed Jessica
  1147 | D:2      | Killed Jessica
  1148 | D:2      | Reached XP level 5. HP: 41/47 MP: 4/4
  1427 | D:2      | Noticed Sigmund
  1437 | D:2      | Killed Sigmund
  1438 | D:2      | Reached XP level 6. HP: 41/55 MP: 5/5
  1630 | D:3      | Reached skill level 5 in Fighting
  1630 | D:3      | Reached skill level 5 in Shields
  1654 | D:3      | Reached skill level 5 in Armour
  2040 | D:3      | Found a faded altar of an unknown god.
  2082 | D:3      | Found a runed translucent gate.
  2082 | D:3      | Found a runed translucent gate.
  2083 | D:3      | Found a runed translucent gate.
  2085 | D:3      | Noticed booth's ghost (amateur SpWr)
  2085 | D:3      | Noticed OTABOTABOTAB's ghost (amateur OpSu)
  2411 | D:4      | Noticed Eustachio
  2431 | D:4      | Killed Eustachio
  2432 | D:4      | Reached XP level 7. HP: 42/61 MP: 6/6
  2593 | D:4      | Found a bloodstained altar of Trog.
  2711 | D:4      | Found Iruavir's Magic Scroll Shop.
  2762 | D:4      | D4 scroll store
  2762 | D:4      | D2 runed door
  2762 | D:4      | ?
  2975 | D:4      | Noticed Edmund
  2993 | D:4      | Killed Edmund
  2994 | D:4      | Reached skill level 5 in Maces & Flails
  3224 | D:5      | Entered Level 5 of the Dungeon
  3273 | D:5      | Found a stormy altar of Qazlal.
  3289 | D:5      | Reached XP level 8. HP: 70/70 MP: 7/7
  4124 | D:5      | Reached skill level 5 in Throwing
  4151 | D:5      | Reached XP level 9. HP: 79/79 MP: 8/8
  4567 | D:3      | Killed OTABOTABOTAB's ghost
  4650 | D:3      | Killed booth's ghost
  4854 | D:4      | Bought 3 scrolls of teleportation for 108 gold pieces
  4854 | D:4      | Bought a scroll of brand weapon for 114 gold pieces
  4854 | D:4      | Bought a scroll of identify for 24 gold pieces
  5022 | D:6      | Found Woijyov's Antique Weapon Shop.
  5053 | D:6      | HP: 1/80 [electric eel/bolt of electricity (6)]
  5410 | D:6      | Found a staircase to the Ecumenical Temple.
  5422 | Temple   | Entered the Ecumenical Temple
  6056 | D:7      | Found a transporter.
  6057 | D:7      | Noticed tehphobia's ghost (novice DsNe)
  6109 | D:7      | Noticed Menkaure
  6120 | D:7      | Killed Menkaure
  6332 | D:7      | Noticed a two-headed ogre
  6340 | D:7      | Killed a two-headed ogre
  6341 | D:7      | Reached XP level 10. HP: 74/90 MP: 9/9
  6442 | D:7      | Found a basalt altar of Yredelemnul.
  6458 | D:7      | Found a transporter.
  6911 | D:7      | Found a runed translucent door.
  6912 | D:7      | Noticed Crazy Yiuf
  6928 | D:7      | Killed Crazy Yiuf
  7211 | D:8      | Found a radiant altar of Vehumet.
  7457 | D:8      | You fall into a shaft and drop 3 floors!
  7457 | D:11     | Found a runed translucent door.
  7459 | D:11     | Noticed a centaur warrior
  7459 | D:11     | Noticed concernfroge's ghost (journeyman FeTm)
  7489 | D:11     | Noticed a gargoyle
  7496 | D:11     | Killed a gargoyle
  7523 | D:11     | Noticed a two-headed ogre
  7524 | D:11     | Noticed a boulder beetle
  7534 | D:11     | Noticed a two-headed ogre
  7537 | D:11     | Noticed an orc knight
  7538 | D:11     | Noticed a smoke demon
  7539 | D:11     | Noticed a rust devil
  7540 | D:11     | Noticed a centaur warrior
  7544 | D:11     | Noticed a cyclops
  7545 | D:11     | Noticed Urug
  7546 | D:11     | Noticed a boulder beetle
  7547 | D:10     | Entered Level 10 of the Dungeon
  7684 | D:9      | Noticed Gastronok
  7703 | D:9      | Noticed a manticore
  7721 | D:9      | Killed a manticore
  7733 | D:9      | Killed Gastronok
  7837 | D:9      | Noticed Joseph
  7864 | D:9      | Killed Joseph
  7865 | D:9      | Reached XP level 11. HP: 77/99 MP: 10/10
  8000 | D:9      | Found a blossoming altar of Fedhas.
  8063 | D:9      | Found a staircase to the Lair.
  8243 | D:9      | Reached skill level 10 in Armour
  8268 | D:9      | Found an iron altar of Okawaru.
  8271 | D:9      | Found a hazy altar of Hepliaklqana.
  8271 | D:9      | Found a glowing golden altar of the Shining One.
  8279 | D:9      | Became a worshipper of Warmaster Okawaru
  8298 | D:9      | Found a shimmering blue altar of Sif Muna.
  8301 | D:9      | Found a sacrificial altar of Ru.
  8403 | D:8      | Reached skill level 10 in Shields
  8572 | D:8      | Reached skill level 10 in Fighting
  9553 | Lair:1   | Entered Level 1 of the Lair of Beasts
  9584 | Lair:1   | Found a transporter.
  9605 | Lair:1   | Found a transporter.
  9612 | Lair:1   | Reached * piety under Okawaru
  9659 | Lair:1   | Reached skill level 10 in Maces & Flails
  9670 | Lair:1   | Reached ** piety under Okawaru
 10145 | Lair:1   | Reached *** piety under Okawaru
 10662 | Lair:2   | Noticed Sonja
 10669 | Lair:2   | Noticed a six-headed hydra
 10833 | Lair:2   | Reached **** piety under Okawaru
 10834 | Lair:2   | Reached XP level 12. HP: 99/110 MP: 8/11
 11024 | Lair:2   | Received a gift from Okawaru
 11052 | Lair:2   | Noticed a five-headed hydra
 11070 | Lair:2   | Killed a five-headed hydra
 11107 | Lair:2   | Killed Sonja
 11197 | Lair:2   | Reached ***** piety under Okawaru
 11288 | Lair:2   | Killed a six-headed hydra
 11288 | Lair:2   | Received a gift from Okawaru
 11404 | Lair:2   | Noticed an eight-headed hydra
 11415 | Lair:2   | Killed an eight-headed hydra
 11652 | Lair:2   | Received a gift from Okawaru
 11965 | Lair:2   | Found a staircase to the Shoals.
 12621 | Lair:3   | Noticed a boulder beetle
 12637 | Lair:3   | HP: 3/113 [yak (4)]
 12638 | Lair:3   | Slain by a yak

Illustrated notes

### ### #.## ###.## ...#
#..... #..# ##..... #..#
###...... #..# ##........
#@.# ##......... #..#
##.......... #..#
#........... #..#
##..........
####..#####..........
####..>.....>...........
##..........##...........
#............###.........
#............####.......#


Turn 2762 on D:4: D4 scroll store

Levels and vault maps discovered:
D:1:      spicycebolla_green_bress_n_ham_2, layout_basic
D:2:      kennysheep_big_flooded_room, layout_basic, uniq_sigmund, uniq_jessica,
          uniq_natasha
D:3:      layout_rooms, gammafunk_ghost_cemetery,
          shapermc_ecumenical_altar_mp_urbaneastern
D:4:      layout_cave_pods, mainiacjoe_overflow_alcove_2, serial_shops,
          nicolae_shop_statue_plus, uniq_edmund, uniq_eustachio
D:5:      lemuel_castle_with_subvaults [lemuel_castle_interior_carwin_3],
          layout_loops_cross, mainiacjoe_overflow_boulevard
D:6:      layout_loops_ring, temple_hall, dk_noncrumbling_2,
          hangedman_decor_points, kennysheep_diamond, minmay_gold_behind_fungi
D:7:      layout_loops_cross, kennysheep_mini, gammafunk_ghost_stat_death,
          uniq_crazy_yiuf_cottage, uniq_menkaure
D:8:      layout_layer_cave, vehumet_statue
D:9:      layout_cave_pools, mainiacjoe_overflow_brackets,
          minmay_overflow_temple_star_hex, lair_entry_dummy,
          minmay_misc_feat_rows, uniq_joseph, uniq_gastronok
D:10:     layout_small_grid, minitemple, lightli_church_of_beogh
D:11:     layout_rooms, gauntlet_entry_generic, ebering_ghost_inner_flame,
          minmay_pinched_square, uniq_urug
Temple:   zaba_magenta_temple
Lair:1:   gammafunk_worm_tunnel, layout_gridlike, grunt_megastairs_2
Lair:2:   dpeg_oklob_gauntlet, layout_regular_city,
          minmay_shoals_entry_lonely_mermaid, minivault_23, ice2_lemuel,
          infiniplex_staircase_pool_2, uniq_sonja
Lair:3:   layout_chaotic_city, guppyfry_snake_entry_garden, uniq_amaemon

Skill      XL: |  1  2  3  4  5  6  7  8  9 10 11 12 |
---------------+-------------------------------------+-----
Throwing       | 1 2 3 5 6 7 8 9 |  9.9
Fighting       | 4 5 6 7 8 9 11 12 | 12.4
Maces & Flails | 3 4 5 6 8 9 10 12 | 12.0
Shields        | 4 5 6 7 8 9 11 12 | 12.3
Armour         | 4 5 6 7 8 9 11 12 | 12.4

Action                   |  1- 3 |  4- 6 |  7- 9 | 10-12 || total
-------------------------+-------+-------+-------+-------++-------
Melee: Flail             |    59 |   166 |    54 |       ||   279
       Headbutt          |     7 |    22 |    85 |   224 ||   338
       Whip              |       |       |   439 |   825 ||  1264
Throw: Boomerang         |       |     8 |    14 |    67 ||    89
Invok: Heroism           |       |       |       |     8 ||     8
  Use: Scroll            |       |       |    15 |    10 ||    25
       Potion            |       |       |     4 |     3 ||     7
Armor: Scale mail        |     9 |       |       |       ||     9
       Plate armour      |    35 |   184 |   213 |   438 ||   870
Dodge: Dodged            |    15 |    65 |   143 |   304 ||   527
Block: Buckler           |    18 |    43 |   130 |   265 ||   456
